 Dungeon Crawl Stone Soup version 0.30-a0-394-g3e4acdb0ae (webtiles) character file.

Game seed: 13548778589100986201

119 ytrimaz the Slasher (level 5, -3/38 HPs)
             Began as a Djinni Gladiator on Dec 6, 2022.
             Slain by Crazy Yiuf
             ... wielding a +3 quarterstaff of chaos
              (7 damage)
             ... on level 2 of the Dungeon.
             The game lasted 00:02:18 (1230 turns).

ytrimaz the Slasher (Djinni Gladiator)              Turns: 1230, Time: 00:02:18

Health: -3/38      AC:  5    Str: 12 (13) XL:     5   Next: 23%
Gold:   77         EV: 12    Int: 11 (12) God:
                   SH:  0    Dex: 13 (14)

rFire   + + .      SeeInvis .    a - +0 long sword
rCold   x . .      Faith    .    (no shield)
rNeg    . . .      Spirit   .    b - +0 leather armour
rPois   ∞          Reflect  .    c - +1 helmet
rElec   .          Harm     .    (no cloak)
rCorr   .          Rampage  .    (no gloves)
Will    .....                    (boots unavailable)
Stlth   +.........               h - amulet of regeneration
HPRegen 1.06/turn                j - +4 ring of slaying
MPRegen 0.00/turn                (no ring)

@: brilliant, flying
A: sickness immunity, fire resistance 2, cold vulnerability 1, float, innate
caster, HP casting, extra vitality 1
a: no special abilities


You were on level 2 of the Dungeon.
You visited 1 branch of the dungeon, and saw 2 of its levels.

You collected 77 gold pieces.


Innate Abilities, Weirdness & Mutations

You are immune to sickness and miasma.
You are immune to poison.
Your flesh is very heat resistant. (rF++)
You are vulnerable to cold. (rC-)
You float through the air rather than walking.
You learn spells naturally, not from books.
Your magical power is your life essence.
You have superior vitality. (+4 MHP)


   Skills:
 - Level 2.0 Fighting
 + Level 5.0 Long Blades
 - Level 1.5 Throwing
 - Level 3.2 Dodging


You had one spell level left.
You knew the following spells:

 Your Spells              Type           Power      Damage    Failure   Level
a - Magic Dart            Conj           0%         1d3       41%         1
b - Call Imp              Summ           0%         N/A       56%         2
Your spell library was empty.

Inventory:

Hand Weapons
 a - a +0 long sword (weapon)
Missiles
 d - 3 throwing nets (quivered)
 e - 3 javelins
Armour
 b - a +0 leather armour (worn)
 c - a +1 helmet (worn)
Jewellery
 h - an amulet of regeneration (around neck)
   (You found it on level 1 of the Dungeon)
 j - a +4 ring of slaying (left hand)
   (You took it off a hobgoblin on level 2 of the Dungeon)
Scrolls
 o - a scroll of identify
Potions
 g - a potion of resistance {unknown}
 i - a potion of degeneration
 k - a potion of brilliance
 l - a potion of cancellation {unknown}
 m - a potion of invisibility {unknown}
 n - a potion of attraction {unknown}
 p - a potion of heal wounds {unknown}

Dungeon Overview and Level Annotations

Branches:
Dungeon (2/15) Zot: 10736

Altars:

Annotations:
D:2 Crazy Yiuf

##........## #.........>#
#..........# #......#####
###......# ..#......#
#........# ### ♣♣####
####†....# #)..#♣♣ ♣♣..#.##
#..##### #...g@♣♣♣♣......#
#.## #...#♣..♣.......# ###.#
### ♣♣♣.♣...##.# #...#
♣♣♣♣♣##..# #.### #.## ..# ###
### #.# .#########.###.# #.#
...............####### #.#
.######...###........####.###


You could see Crazy Yiuf.


Message History

Unknown command.
You now have 77 gold pieces (gained 5).
Key pressed, stopping explore.
Key pressed, stopping explore.
You see here a +0 war axe.
A hobgoblin comes into view.
A hobgoblin is nearby!
A hobgoblin is nearby!
A hobgoblin is nearby!
Unknown command.
A hobgoblin is nearby!
A hobgoblin is nearby!
A hobgoblin is nearby!
The hobgoblin shouts!
The hobgoblin hits you. 😕 HP[-1]
You take 1 damage, and now have 32/33 hp.
You closely miss the hobgoblin.
The hobgoblin hits you but does no damage. 😎 HP[+1]
Your hp is fully restored (33).
You slash the hobgoblin!
You kill the hobgoblin!
You see here a +0 war axe.
Key pressed, stopping explore.
Natasha, Servant of Life and Death comes into view.
Natasha hisses angrily.
You hit Natasha but do no damage. Natasha casts a spell at you.
The magic dart hits you! 😮 HP[-10]
You take 10 damage, and now have 23/33 hp.
MASSIVE DAMAGE!! (PAUSE)
You hit Natasha but do no damage.
Natasha mumbles some strange words.
Natasha claws you. 😮 HP[-1]
You take 1 damage, and now have 22/33 hp.
Unknown command.
You slash Natasha!
Natasha claws you but does no damage. 😮 HP[+1]
You miss Natasha. Natasha closely misses you.
The white imp closely misses you. 😮 HP[+1] Unknown command.
You slash Natasha!
You kill Natasha!
Natasha screams in pain as she dies!
The white imp disappears in a puff of smoke!
Your Long Blades skill increases to level 5!
You have reached level 5!
The power to cast Call Imp wells up from within.
Spell assigned to 'b'. 😕 HP[+5]
You now have 38 max hp (+5).
You regained 5 hp, and now have 29/38 hp.
There is an open door here.
You see here a +0 dagger.
There is an open door here.
Key pressed, stopping explore.
Key pressed, stopping explore. 😎 HP[+9]
Your hp is fully restored (38).
Okay, then.
Press: ? - help, v - describe, . - travel
Here: Crazy Yiuf, wielding a +3 quarterstaff of chaos and wearing a +1 cloak of poison resistance (fire blocked by a runed translucent door)
The floor.
It was a potion of magic.
Magic washes over you without effect.
You reach down and open the door.
Okay, then.
You hit Crazy Yiuf.
Crazy Yiuf hits you with a +3 quarterstaff of chaos!
Crazy Yiuf freezes you. 😮 HP[-12]
You take 12 damage, and now have 26/38 hp.
MASSIVE DAMAGE!! (PAUSE)
You closely miss Crazy Yiuf.
Crazy Yiuf hits you with a +3 quarterstaff of chaos!
* * * LOW HITPOINT WARNING * * *
😨 HP[-16]
You take 16 damage, and now have 10/38 hp.
MASSIVE DAMAGE!! (PAUSE)
You hit Crazy Yiuf.
Crazy Yiuf hits you with a +3 quarterstaff of chaos!
* * * LOW HITPOINT WARNING * * *
Crazy Yiuf freezes you.
* * * LOW HITPOINT WARNING * * *
😱 HP[-8]
You take 8 damage, and now have 2/38 hp.
MASSIVE DAMAGE!! (PAUSE)
Okay, then.
Okay, then.
It was a potion of brilliance.
You feel clever all of a sudden.
Crazy Yiuf hits you but does no damage. 😱 HP[+1] It was a potion of degeneration.
There was something very wrong with that liquid.
You feel weakened.
You feel dopey.
You feel clumsy.
Crazy Yiuf hits you with a +3 quarterstaff of chaos!
You die...

Skill      XL: |  1  2  3  4 |
---------------+-------------+-----
Long Blades    | 3 4 5 |  5.0
Fighting       | |  2.0
Throwing       | |  1.5
Dodging        | |  3.2

Action                   |  1- 3 |  4- 6 || total
-------------------------+-------+-------++-------
Melee: Long sword        |   107 |    47 ||   154
       Punch             |       |     2 ||     2
  Use: Scroll            |     6 |       ||     6
       Potion            |     1 |     3 ||     4
 Stab: Sleeping          |       |     1 ||     1
Armor: Leather armour    |    50 |    13 ||    63
Dodge: Dodged            |    91 |    26 ||   117

Levels and vault maps discovered:
D:1:      shiori_arrival_oz, layout_rooms, serial_curves, eino_curves_01,
          eino_curves_01
D:2:      layout_rooms, hellmonk_ecumenical_altar_crossroads,
          kennysheep_pointless_box, uniq_natasha, uniq_crazy_yiuf_cottage

Notes
Turn   | Place    | Note
-------+----------+-------------------------------------------
     0 | D:1      | ytrimaz the Djinni Gladiator began the quest for the Orb.
     0 | D:1      | Reached XP level 1. HP: 18/18 MP: 0/0
     0 | D:1      | magus.rc [v1.9.6]
    45 | D:1      | Reached skill level 3 in Long Blades
    50 | D:1      | Reached XP level 2. HP: 20/23 MP: 0/0
   230 | D:1      | Reached XP level 3. HP: 28/28 MP: 0/0
   230 | D:1      | Learned a level 1 spell: Magic Dart
   555 | D:1      | Reached skill level 4 in Long Blades
   640 | D:2      | Found a runed translucent door.
   641 | D:2      | Noticed Crazy Yiuf
   839 | D:2      | Reached XP level 4. HP: 33/33 MP: 0/0
  1023 | D:2      | Found a faded altar of an unknown god.
  1023 | D:2      | Noticed Natasha
  1034 | D:2      | Killed Natasha
  1143 | D:2      | Noticed Natasha
  1150 | D:2      | Killed Natasha
  1151 | D:2      | Reached skill level 5 in Long Blades
  1151 | D:2      | Reached XP level 5. HP: 29/38 MP: 0/0
  1151 | D:2      | Learned a level 2 spell: Call Imp
  1228 | D:2      | HP: 3/38 [Crazy Yiuf/+3 quarterstaff of chaos (8)]
  1230 | D:2      | Slain by Crazy Yiuf

Vanquished Creatures
  Natasha (twice) (D:2)
  An adder (D:2)
  2 worms (D:2)
  5 endoplasms
  A giant cockroach (D:1)
  5 goblins
  3 hobgoblins
  2 jackals (D:1)
  6 quokkas
  7 ball pythons
  4 bats
  2 frilled lizards
  7 kobolds
  3 rats
50 creatures vanquished.

Table legend:
 A = Non-vault XP
 B = Vault XP
 C = Vault XP percentage of total XP
 D = Non-vault monster count
 E = Vault monster count
 F = Vault count percentage of total count
                 A         B        C        D         E       F
            +---------+---------+-------+---------+---------+-------
      Total |     131 |      39 |  22.9 |      47 |       3 |   6.0
            +---------+---------+-------+---------+---------+-------
        D:1 |      48 |       4 |   7.7 |      29 |       2 |   6.5
        D:2 |      83 |      35 |  29.7 |      18 |       1 |   5.3
            +---------+---------+-------+---------+---------+-------

Illustrated notes

Table legend:
 A = Kills in this place as a percentage of kills in entire the game.
 B = Kills by you in this place as a percentage of kills by you in the entire game.
 C = Kills by friends in this place as a percentage of kills by friends in the entire game.
 D = Other kills in this place as a percentage of other kills in the entire game.
 E = Experience gained in this place as a percentage of experience gained in the entire game.
 F = Experience gained in this place divided by the number of levels of this place that you have seen.
                   A       B       C       D       E      F
               +-------+-------+-------+-------+-------+----------------------
         Total | 100.0 | 100.0 |   N/A |   N/A | 100.0 |  85.0
       Dungeon | 100.0 | 100.0 |   N/A |   N/A | 100.0 |  85.0
               +-------+-------+-------+-------+-------+----------------------

Table legend: (Time is in decaauts)
 A = Elapsed time spent in this place.
 B = Non-inter-level travel time spent in this place.
 C = Inter-level travel time spent in this place.
 D = Time resting spent in this place.
 E = Time spent auto-exploring this place.
 F = Levels seen in this place.
 G = Mean time per level.
                   A        B        C        D        E       F      G
               +--------+--------+--------+--------+--------+-----+--------+
         Total |   1262 |   1211 |     51 |      2 |    815 |   2 |  631.0 |
       Dungeon |   1262 |   1211 |     51 |      2 |    815 |   2 |  631.0 |
               +--------+--------+--------+--------+--------+-----+--------+

Top non-repeatable levels by time:
     D:1: 635 daAuts
     D:2: 627 daAuts
